 Dungeon Crawl Stone Soup version 0.25-a0-310-g60f0ac2d9a (webtiles) character file.

Game seed: 17172845511949484386, levelgen mode: deterministic

18 MirrMurr the Shooter (level 2, -4/25 HPs)
             Began as a Centaur Hunter on Dec 24, 2019.
             Killed from afar by an orc wizard (6 damage)
             ... with a magic dart
             ... on level 3 of the Dungeon.
             The game lasted 00:02:18 (1274 turns).

MirrMurr the Shooter (Centaur Hunter)               Turns: 1274, Time: 00:02:19

Health: -4/25      AC:  4    Str: 14    XL:     2   Next: 48%
Magic:  2/2        EV:  9    Int: 10    God:
Gold:   94         SH:  0    Dex:  9    Spells: 1/1 levels left

rFire    . . .     SeeInvis .   b - +0 short sword
rCold    . . .     Gourm    .   (no shield)
rNeg     . . .     Faith    .   c - +0 leather armour
rPois    .         Spirit   .   (no helmet)
rElec    .         Reflect  .   (no cloak)
rCorr    .         Harm     .   (no gloves)
MR       .....                  (no barding)
Stlth    +.........             (no amulet)
HPRegen  0.08/turn              (no ring)
MPRegen  0.08/turn              (no ring)

@: slowed
A: large, hooves 3, deformed body, speed 2, tough skin 3
a: no special abilities


You were on level 3 of the Dungeon.
You were not hungry.

You visited 1 branch of the dungeon, and saw 4 of its levels.

You collected 94 gold pieces.

Inventory:

Hand Weapons
 a - a +1 shortbow
 b - a +0 short sword (weapon)
Missiles
 d - 20 arrows
Armour
 c - a +0 leather armour (worn)
Jewellery
 i - an uncursed ring of wizardry {unknown}
 n - an uncursed ring of protection from fire {unknown}
Scrolls
 e - 2 scrolls of identify {unknown}
 g - 3 scrolls of fear {unknown}
 h - a scroll of amnesia {unknown}
 j - 2 scrolls of remove curse {unknown}
 k - 2 scrolls of enchant weapon {unknown}
 l - a scroll of enchant armour {unknown}
 m - a scroll of magic mapping {unknown}
Comestibles
 f - 2 rations


   Skills:
 + Level 2.3 Fighting
 * Level 6.0 Bows
 - Level 1.4 Dodging
 - Level 0.4 Stealth


You had one spell level left.
You didn't know any spells.
Your spell library was empty.

Dungeon Overview and Level Annotations

Branches:
Dungeon (4/15)
 Temple: D:4-7

Altars:


Innate Abilities, Weirdness & Mutations

You have hooves in place of feet.
Armour fits poorly on your strangely shaped body.
You cover ground very quickly.
You have extremely tough skin. (AC +3)


Message History

The magic dart hits you.
The orc wizard hits you with a cursed +0 dagger.
You closely miss the orc wizard.
The orc wizard is moderately wounded.
The orc wizard hits you but does no damage.
You hit the orc wizard.
The orc wizard is moderately wounded.
The orc wizard closely misses you. The orc wizard barely misses you.
The orc wizard points at you and mumbles some strange words.
You feel yourself slow down.
You barely miss the orc wizard.
You kick the orc wizard, but do no damage.
The orc wizard is moderately wounded.
The orc wizard hits you with a cursed +0 dagger.
* * * LOW HITPOINT WARNING * * *
The orc wizard hits you but does no damage.
The orc completely misses you.
The orc wizard points at you and mumbles some strange words.
The magic dart hits you.
You die...

?.# #.# ##'## #.#
#.# #.# #.# #.# #.#
.o. ..# ##.## #o#
### ##...##
#)#######.....##
#.##...###.....####
#o.o...##..........
####oo@o.......####
########...## ##.##
###


You could see 2 orc wizards and 3 orcs.

Vanquished Creatures
  A leopard gecko (D:3)
  5 hobgoblins (D:1)
  2 kobolds
  2 frilled lizards (D:1)
  3 goblins (D:1)
  3 rats (D:1)
16 creatures vanquished.

Notes
Turn   | Place    | Note
-------+----------+-------------------------------------------
     0 | D:1      | MirrMurr the Centaur Hunter began the quest for the Orb.
     0 | D:1      | Reached XP level 1. HP: 17/17 MP: 1/1
   300 | D:1      | Reached XP level 2. HP: 21/24 MP: 2/2
  1037 | D:2      | You fall into a shaft and drop 2 floors!
  1227 | D:3      | Reached skill level 6 in Bows
  1274 | D:3      | Killed from afar by an orc wizard

Levels and vault maps discovered:
D:1:      dpeg_arrival_boxorama, layout_basic, minivault_19
D:2:      layout_basic, first_ration
D:3:      layout_loops_corners, chequers_ecumenical_altar_simple, bloody_makhleb
D:4:      layout_rooms, chequers_temple_overflow_minitemple, enter_ossuary_5,
          uniq_blork_the_orc

Skill      XL: |  1  2 |
---------------+-------+-----
Bows           | 6 |  6.0
Fighting       | |  2.3
Dodging        | |  1.4
Stealth        | |  0.4

Action                   || total
-------------------------++-------
Melee: Short sword       ||    52
       Kick              ||     6
 Fire: Shortbow          ||     5
Armor: Leather armour    ||    17
Dodge: Dodged            ||    22

Table legend:
 A = Non-vault XP
 B = Vault XP
 C = Vault XP percentage of total XP
 D = Non-vault monster count
 E = Vault monster count
 F = Vault count percentage of total count
                 A         B        C        D         E       F
            +---------+---------+-------+---------+---------+-------
      Total |      26 |       0 |   0.0 |      16 |       0 |   0.0
            +---------+---------+-------+---------+---------+-------
        D:1 |      21 |       0 |   0.0 |      14 |       0 |   0.0
        D:3 |       5 |       0 |   0.0 |       2 |       0 |   0.0
            +---------+---------+-------+---------+---------+-------
